AoeStats
← sethbader85

Arabia

509781407Analyzed
3v3 RM · 4d ago on Sep 28, 2026· 51m 1s· 6 players
Game mode
Random Map
Map size
Normal (6 player)
Population
200
Speed
Normal
Resources
Standard
Victory
Conquest
Starting age
Dark Age
Ending age
Imperial Age
RankedLock teamsTeams togetherTeam positionsShared explorationLock speedFull tech treeHidden civsTurbo modeCheats
Victory
Defeat
🇲🇽 Bulgarians · Mexico
1109
+12
🇺🇸 Magyars · United States
1042
+15
🇪🇨 Georgians · Ecuador
1024
+16
🇺🇸 Danes · United States
1106
-17
🇺🇸 Ethiopians · United States
1090
-17
🇺🇸 Magyars · United States
869
-9
killinserotonin
5:14 Loom
11:02 Feudal Age
17:03 Castle Age
16:01 Gold Mining
16:38 Scale Barding Armor
21:06 Double-Bit Axe
23:26 Bloodlines
24:57 Wheelbarrow
27:14 Husbandry
28:35 Town Watch
30:56 Chain Barding Armor
32:27 Bow Saw
35:55 Fletching
42:40 Horse Collar
48:10 Imperial Age
48:35 Hand Cart
48:39 Heavy Plow
50:05 Plate Barding Armor
49:37 Cavalier
52:03 Gold Shaft Mining
SIR LOOR FAAL
9:56 Feudal Age
9:08 Loom
14:53 Castle Age
49:41 Horse Collar
49:59 Double-Bit Axe
50:05 Gold Mining
51:04 Heavy Plow
Ux'RaulitoMD
7:29 Loom
9:49 Feudal Age
12:47 Double-Bit Axe
13:16 Scale Mail Armor
13:26 Forging
13:35 Fletching
22:19 Castle Age
20:42 Scale Barding Armor
21:44 Gold Mining
21:47 Stone Mining
21:40 Horse Collar
22:19 Bloodlines
23:52 Wheelbarrow
23:02 Town Watch
24:45 Pikeman
26:53 Husbandry
26:14 Light Cavalry
29:10 Chain Barding Armor
28:56 Bodkin Arrow
34:34 Gold Shaft Mining
34:34 Stone Shaft Mining
39:53 Imperial Age
38:47 Stirrups
40:00 Elite Konnik
41:01 Conscription
42:05 Heavy Plow
46:31 Bagains
49:19 Crop Rotation
49:02 Bow Saw
mikeshift1
10:46 Feudal Age
10:51 Man-at-Arms
12:17 Loom
17:18 Double-Bit Axe
26:17 Castle Age
25:37 Horse Collar
27:25 Bow Saw
29:09 Forging
36:25 Bow Saw
37:16 Scale Mail Armor
38:19 Gambesons
Hughes80
3:32 Loom
11:12 Feudal Age
12:05 Double-Bit Axe
14:16 Horse Collar
15:22 Fletching
23:04 Castle Age
21:25 Forging
23:14 Scale Mail Armor
23:15 Padded Archer Armor
23:27 Crossbowman
24:38 Thumb Ring
26:04 Bodkin Arrow
29:03 Bow Saw
30:11 Squires
30:58 Iron Casting
31:30 Chain Mail Armor
33:06 Ballistics
42:34 Imperial Age
40:56 Leather Archer Armor
42:27 Wheelbarrow
42:43 Arbalester
44:55 Bracer
47:32 Ring Archer Armor
sethbader85
9:16 Loom
11:03 Feudal Age
14:37 Bloodlines
34:29 Castle Age
37:02 Castle Age
Connection lost

Rejoining the realm…

Still unreachable

The connection could not be restored.

Session expired

The server has moved on; the page needs a fresh start.